AoeStats
← andreas.nikolai

Arabia

504689984Analyzed
1v1 RM · 24d ago on Sep 6, 2026· 57m 24s· 2 players
Game mode
Random Map
Map size
Tiny (2 player)
Population
200
Speed
Normal
Resources
Standard
Victory
Conquest
Starting age
Dark Age
Ending age
Imperial Age
RankedLock teamsTeams togetherTeam positionsShared explorationLock speedFull tech treeHidden civsTurbo modeCheats
Victory
Defeat
🇳🇴 Goths · Norway
943
+17
🇵🇭 Goths · Philippines
959
-17
andreas.nikolai
1:31 Loom
12:32 Feudal Age
12:46 Man-at-Arms
13:11 Man-at-Arms
14:40 Double-Bit Axe
16:57 Forging
17:08 Horse Collar
19:58 Scale Mail Armor
25:15 Castle Age
26:11 Wheelbarrow
25:27 Long Swordsman
27:26 Stone Mining
33:52 Bow Saw
35:27 Gold Mining
35:36 Fletching
40:05 Heavy Plow
43:48 Chain Mail Armor
44:51 Anarchy
46:13 Iron Casting
45:39 Padded Archer Armor
46:38 Bodkin Arrow
48:07 Hand Cart
48:07 Squires
50:16 Leather Archer Armor
57:17 Imperial Age
Big_Baboy
1:33 Loom
10:40 Feudal Age
11:14 Double-Bit Axe
11:39 Horse Collar
15:20 Wheelbarrow
17:24 Man-at-Arms
24:43 Castle Age
26:22 Fletching
39:17 Bodkin Arrow
Connection lost

Rejoining the realm…

Still unreachable

The connection could not be restored.

Session expired

The server has moved on; the page needs a fresh start.